 Dungeon Crawl Stone Soup version 0.30.1-11-g7821555f0a (webtiles) character file.

Game seed: 10424784058350204083

12 leafyfresh the Sneak (level 2, -3/25 HPs)
             Began as a Barachi Delver on Nov 17, 2023.
             Killed by nerve-wracking pain
             ... invoked by an orc priest
              (10 damage)
             ... on level 3 of the Dungeon.
             The game lasted 00:00:50 (266 turns).

leafyfresh the Sneak (Barachi Delver)                Turns: 266, Time: 00:00:51

Health: -3/25      AC:  6    Str: 13    XL:     2   Next: 33%
Magic:  2/2        EV:  7    Int: 10    God:
Gold:   29         SH: 10    Dex: 13    Spells: 1/1 levels left

rFire   . . .        a - +0 falchion
rCold   . . .        h - +0 tower shield {AC+3}
rNeg    . . .        b - +0 leather armour
rPois   .            (no helmet)
rElec   .            (no cloak)
rCorr   .            (no gloves)
SInv    .            (no boots)
Will    .....        (no amulet)
Stlth   ++           (no ring)
HPRegen 0.24/turn    (no ring)
MPRegen 0.08/turn

%: no passive effects
@: slow
A: amphibious, slowness 1, strong legs 1, +LOS
a: Hop


You were on level 3 of the Dungeon.
You visited 1 branch of the dungeon, and saw 3 of its levels.

You collected 29 gold pieces.

Inventory:

Hand Weapons
 a - a +0 falchion (weapon)
Armour
 b - a +0 leather armour (worn)
 h - a +0 tower shield of protection (worn)
Wands
 g - a wand of digging (3)
Scrolls
 c - a scroll of fog
 d - a scroll of magic mapping
 e - a scroll of fear
Potions
 f - a potion of haste
 i - a potion of might {unknown}
 j - a potion of lignification {unknown}


   Skills:
 + Level 3.8 Fighting
 + Level 2.7 Long Blades
 + Level 2.5 Dodging
 + Level 4.6 Stealth


You had one spell level left.
You didn't know any spells.
Your spell library was empty.

Dungeon Overview and Level Annotations

Branches:
Dungeon (5/15)
 Temple: D:4-7

Altars:


Innate Abilities, Weirdness & Mutations

You are amphibious.
You cover ground slowly.
You can hop short distances.
You have an extended range of vision and can be seen from far away.


Message History

You block the goblin's attack. x2
You hit the goblin.
You kill the goblin!
Things that are here:
a +0 club; a goblin corpse You hear the slow rusting of a drain nearby.
Things that are here:
a +0 club; a goblin corpse Key pressed, stopping explore.
No target in view!
You hear the slow rusting of a distant drain.
Found a stone staircase leading up.
No target in view!
A jelly is nearby!
Found a pair of boots.
The jelly quivers.
An orc comes into view. It is wielding a +0 short sword.
The orc shouts!
You hear a shout!
Found a dagger.
An orc comes into view. It is wielding a +0 short sword.
There is a stone staircase leading up here.
You climb upwards.
The orc shouts! x2; The orc priest shouts!
The orc shouts!
Found 5 gold pieces, 6 stones and a long sword.
Found an escape hatch in the floor.
There is a stone staircase leading down here.
Found a stone staircase leading up.
The orc priest calls down the wrath of Beogh upon you.
Beogh smites you!
Ouch! That really hurt!
You are too injured to fight recklessly!
You are too injured to fight recklessly!
Unknown command.
You block the orc's attack. The orc hits you with a +0 club.
* * * LOW HITPOINT WARNING * * *
The orc attacks as you move away! The orc closely misses you.
The orc hits you but does no damage. The orc closely misses you.
The orc priest calls down the wrath of Beogh upon you.
Pain shoots through your body!
You die...

......##...
#####.....#..#
...........# .
#........(#.#
##.....o....#
#..>......#
..$....#.o..####
....####o.....#
## #..o@###.#
#.##.# .. ...
#.# ## .... ..#
##..# #.. #...
#.. ..# #..<
.... #.#.


You could see an orc priest and 3 orcs.

Vanquished Creatures
  An ufetubus (D:4)
  An orc (D:4)
  A goblin (D:4)
  2 hobgoblins (D:4)
  A kobold (D:4)
6 creatures vanquished.

Notes
Turn   | Place    | Note
-------+----------+-------------------------------------------
     0 | D:5      | leafyfresh the Barachi Delver began the quest for the Orb.
     0 | D:5      | Reached XP level 1. HP: 18/18 MP: 1/1
    24 | D:4      | Noticed a jelly
    71 | D:4      | Reached XP level 2. HP: 25/25 MP: 2/2
   266 | D:3      | Killed from afar by an orc priest

Illustrated notes

Levels and vault maps discovered:
D:3:      layout_rooms, grunt_dithmenos_smoke_and_mirrors, uniq_jessica
D:4:      layout_gridville, portal_sewer_entry_d, minmay_bisected
D:5:      layout_basic, mainiacjoe_overflow_alcove_4, minmay_temple_entry_fiery,
          hangedman_decor_lopped, serial_bayou_pond_d, uniq_grinder

Action                     || total
---------------------------++-------
  Melee: Falchion          ||    19
   Stab: Sleeping          ||     2
 Armour: Leather armour    ||    13
  Dodge: Dodged            ||     6
  Block: Tower shield      ||    14
